 Seeded DCSS version 0.31.0-2-g5a2aebc5c2 (webtiles) character file.

Game seed: 2 (custom seed)

200 Kazon the Sneak (level 5, 0/36 HPs)
             Began as an Octopode Brigand on Jan 20, 2024.
             Slain by a phantom (2 damage)
             ... on level 4 of the Dungeon.
             The game lasted 00:08:52 (1796 turns).

Kazon the Sneak (Octopode Brigand)                  Turns: 1796, Time: 00:08:52

Health: 0/36       AC:  5    Str: 12    XL:     5   Next: 79%
Magic:  0/5        EV: 13    Int: 14    God:
Gold:   162        SH:  0    Dex: 13    Spells: 4/4 levels left

rFire   . . .        d - +0 dagger (venom)
rCold   . . .        e - orb {mayhem}
rNeg    . . .        (helmet restricted)
rPois   .            l - amulet of guardian spirit
rElec   .            k - +4 ring of slaying
rCorr   .            p - +4 ring of protection
SInv    .            (no ring)
Will    .....        (no ring)
Stlth   +++++        (no ring)
HPRegen 0.26/turn    (no ring)
MPRegen 0.09/turn    (no ring)
                     (no ring)

%: mayhem, guardian spirit
@: no status effects
A: almost no armour, amphibious, 8 rings, camouflage 1, gelatinous body 1,
(nimble swimmer 1), tentacles
a: no special abilities


You were on level 4 of the Dungeon.
You visited 1 branch of the dungeon, and saw 4 of its levels.

You collected 162 gold pieces.

Inventory:

Hand Weapons
 a - a +2 dagger
 d - a +0 dagger of venom (weapon)
Missiles
 b - 18 poisoned darts
 c - 3 curare-tipped darts
 w - 4 stones (quivered)
Armour
 e - an orb of mayhem (worn)
 y - a +0 buckler
Jewellery
 k - a +4 ring of slaying (left tentacle)
 l - an amulet of guardian spirit (around mantle)
 p - a +4 ring of protection (right tentacle)
Scrolls
 f - 2 scrolls of immolation {unknown}
 g - a scroll of poison {unknown}
 m - a scroll of identify
 o - 3 scrolls of teleportation {unknown}
 r - a scroll of enchant armour {unknown}
 s - a scroll of vulnerability {unknown}
 u - a scroll of noise {unknown}
Potions
 h - 2 potions of brilliance
 i - 2 potions of mutation {unknown}
 j - a potion of enlightenment {unknown}
 n - 2 potions of might {unknown}
 q - 2 potions of attraction {unknown}
 t - a potion of degeneration {unknown}
 v - 2 potions of cancellation {unknown}
 x - a potion of heal wounds {unknown}


   Skills:
 * Level 2.8 Fighting
 * Level 2.7 Short Blades
 * Level 2.7 Throwing
 * Level 1.9 Dodging
 + Level 7.7 Stealth


You had 4 spell levels left.
You didn't know any spells.
Your spell library was empty.

Dungeon Overview and Level Annotations

Branches:
Dungeon (4/15)
 Temple: D:4-7

Altars:
Ru
Xom

Shops:
D:2 (   D:3 (


Innate Abilities, Weirdness & Mutations

You cannot wear most types of armour.
You are amphibious.
You can wear up to eight rings at the same time.
Your skin changes colour to match your surroundings (Stealth+).
Your rubbery body absorbs attacks. (AC +1, EV +1)
((You are camouflaged when in or above water. (Stealth+)))
You have tentacles for arms and can constrict up to eight enemies at once.


Message History

The adder is moderately wounded.
The adder bites you.
You are poisoned.
The adder poisons you! The phantom misses you. The adder closely misses you.
You feel sick. The adder closely misses you.
You feel sick.
You feel sick. The adder bites you but does no damage.
You feel sick.
You feel sick.
You are no longer poisoned.
The adder attacks as it pursues you! The adder bites you but does no damage.
You see here a +0 buckler.
y - a +0 buckler The adder closely misses you.
The adder barely misses you.
You closely miss the adder. Your grab misses the adder.
The adder is severely wounded.
The adder barely misses you.
You hit the adder.
You kill the adder!
The phantom flies into a frenzy!
You barely miss the phantom.
The phantom is severely damaged.
The phantom barely misses you. The phantom hits you!
The phantom blinks!
You blink.
You puncture the phantom! Your squeeze misses the phantom.
The phantom is almost destroyed.
The phantom hits you.
The phantom blinks!
You blink.
You barely miss the phantom.
The phantom is almost destroyed.
The phantom closely misses you.
You barely miss the phantom.
The phantom is almost destroyed.
The phantom hits you.
* * * LOW HITPOINT WARNING * * *
The phantom blinks!
You blink.
The phantom hits you!
* * * LOW HITPOINT WARNING * * *
You closely miss the phantom.
The phantom is almost destroyed.
The phantom hits you.
You die...

########....#.....#....#####.....
.........#.##.###.#.... #####
##########..#.....#...#
##.'.._..+...# ###.....#...#
#.###.#...# #.. ..#...#
#+###+#§..# #..†@W....#
####......# ########


You could see a neutral phantom (fast, strong, frenzied).

Vanquished Creatures
  An ogre (D:3)
  6 adders
  2 dart slugs
  A ribbon worm (D:2)
  2 orcs
  5 bats
  11 endoplasms
  2 giant cockroaches (D:3)
  8 goblins
  2 hobgoblins
  2 jackals (D:3)
  3 quokkas (D:1)
  3 ball pythons
  2 frilled lizards
  2 kobolds
  4 rats
56 creatures vanquished.

Vanquished Creatures (collateral kills)
  A quokka (D:4)
1 creature vanquished.

Grand Total: 57 creatures vanquished

Notes
Turn   | Place    | Note
-------+----------+-------------------------------------------
     0 | D:1      | Kazon the Octopode Brigand began the quest for the Orb.
     0 | D:1      | Reached XP level 1. HP: 14/14 MP: 1/1
    50 | D:1      | Reached XP level 2. HP: 14/19 MP: 2/2
   329 | D:1      | Reached skill level 6 in Stealth
   722 | D:2      | Found Weaqack's Weapon Shop.
   729 | D:2      | Reached XP level 3. HP: 25/25 MP: 3/3
   937 | D:2      | Reached XP level 4. HP: 30/30 MP: 4/4
  1181 | D:3      | Noticed an ogre
  1193 | D:3      | Killed an ogre
  1194 | D:3      | Reached skill level 7 in Stealth
  1194 | D:3      | Reached XP level 5. HP: 34/35 MP: 5/5
  1384 | D:3      | Found a shimmering altar of Xom.
  1384 | D:3      | Found a shimmering altar of Xom.
  1408 | D:3      | Found Hivuethe's Antique Weapon Shoppe.
  1514 | D:3      | Found a shimmering altar of Xom.
  1587 | D:4      | Found a sacrificial altar of Ru.
  1769 | D:4      | Noticed a phantom
  1795 | D:4      | HP: 1/36 [phantom (6)]
  1796 | D:4      | Slain by a phantom

Illustrated notes

Levels and vault maps discovered:
D:1:      lightli_arrival_noodles, layout_loops_ring, skrybe_limestone_x
D:2:      layout_rooms, serial_shops, shop
D:3:      layout_basic, xom_redecorated, serial_shops, nicolae_shop_stone
D:4:      layout_rooms, mainiacjoe_overflow_six_doors_small,
          minmay_misc_feat_five

Skill      XL: |  1  2  3  4 |
---------------+-------------+-----
Stealth        | 6 7 |  7.7
Fighting       | |  2.8
Short Blades   | |  2.7
Throwing       | |  2.7
Dodging        | |  1.9

Action                     |  1- 3 |  4- 6 || total
---------------------------+-------+-------++-------
  Melee: Dagger            |    34 |    51 ||    85
         Constrict         |     6 |     6 ||    12
         Tentacles         |     3 |    10 ||    13
  Throw: Stone             |    11 |    10 ||    21
         Dart              |       |    14 ||    14
    Use: Scroll            |     1 |       ||     1
   Stab: Sleeping          |    13 |     9 ||    22
         Distracted        |       |     1 ||     1
 Armour: Skin              |     7 |    26 ||    33
  Dodge: Dodged            |    10 |    22 ||    32
